 Dungeon Crawl Stone Soup version 0.29-a0-577-gafbf2c5d25 (webtiles) character file.

Game seed: 8165006572993981648

208 greasedhog the Magician (level 6, -13/45 HPs)
             Began as a Djinni Fire Elementalist on June 13, 2022.
             Mangled by Crazy Yiuf
             ... wielding a +4 quarterstaff of chaos
              (14 damage)
             ... on level 2 of the Dungeon.
             The game lasted 00:06:18 (2361 turns).

greasedhog the Magician (Djinni Fire Elementalist)  Turns: 2361, Time: 00:06:19

Health: -13/45     AC:  3    Str:  7    XL:     6   Next: 11%
Gold:   96         EV: 17    Int: 18    God:
                   SH:  5    Dex: 14

rFire   + + .      SeeInvis .   (no weapon)
rCold   x . .      Faith    .   (no shield)
rNeg    . . .      Spirit   .   a - +0 robe
rPois   ∞          Reflect  +   (no helmet)
rElec   .          Harm     .   (no cloak)
rCorr   .          Rampage  .   b - +0 pair of gloves
Will    .....                   (boots unavailable)
Stlth   ++........              i - amulet of reflection
HPRegen 0.15/turn               (no ring)
MPRegen 0.00/turn               (no ring)

@: agile, flying
A: sickness immunity, fire resistance 2, cold vulnerability 1, float, innate
caster, HP casting, extra vitality 1
a: no special abilities


You were on level 2 of the Dungeon.
You visited 1 branch of the dungeon, and saw 2 of its levels.

You collected 96 gold pieces.

Inventory:

Hand Weapons
 n - a +2 mace of holy wrath
Armour
 a - a +0 robe (worn)
 b - a +0 pair of gloves (worn)
 e - a +0 buckler
Jewellery
 i - an amulet of reflection (around neck)
Scrolls
 f - a scroll of torment
 g - a scroll of immolation
 h - a scroll of noise {unknown}
 j - a scroll of enchant armour {unknown}
 k - a scroll of teleportation
Potions
 c - a potion of degeneration {unknown}
 d - a potion of flight {unknown}
 l - a potion of haste {unknown}
 m - 2 potions of heal wounds {unknown}


   Skills:
 * Level 2.9 Fighting
 - Level 2.1 Dodging
 * Level 3.2 Stealth
 * Level 3.4 Spellcasting


You couldn't memorise any spells.
You knew the following spells:

 Your Spells              Type           Power      Damage    Failure   Level
a - Foxfire               Conj/Fire      60%        2x1d7     3%          1
b - Scorch                Fire           30%        2d6       6%          2
c - Conjure Flame         Conj/Fire      15%        6-21      12%         3
d - Inner Flame           Hex/Fire       15%        N/A       12%         3
e - Flame Wave            Conj/Fire      15%        2d6       36%         4
f - Sting                 Tmut/Pois      60%        1d6       3%          1
g - Poisonous Vapours     Pois/Air       30%        N/A       6%          2
Your spell library was empty.

Dungeon Overview and Level Annotations

Branches:
Dungeon (2/15)

Altars:

Annotations:
D:2 Crazy Yiuf


Innate Abilities, Weirdness & Mutations

You are immune to sickness and miasma.
You are immune to poison.
Your flesh is very heat resistant. (rF++)
You are vulnerable to cold. (rC-)
You float through the air rather than walking.
You learn spells naturally, not from books.
Your magical power is your life essence.
You have superior vitality. (+4 MHP)


Message History

You see here a +0 mace.
You reach down and open the door.
Casting: Scorch (safe; 6% risk of failure)
Confirm with . or Enter, or press ? or * to list all spells.
Aiming: Sting (safe; 3% risk of failure)
Press: ? - help, Shift-Dir - straight line, f - Crazy Yiuf
Aim: Crazy Yiuf, wielding a +4 quarterstaff of chaos and wearing a +1 cloak (77% to hit)
The sting hits Crazy Yiuf.
Crazy Yiuf is poisoned.
Crazy Yiuf is lightly wounded.
Crazy Yiuf hits you with a +4 quarterstaff of chaos!
You resist with some effort.
Flames lash Crazy Yiuf.
Crazy Yiuf is heavily wounded.
Crazy Yiuf's fire resistance burns away.
Crazy Yiuf completely misses you.
Flames lash Crazy Yiuf.
Crazy Yiuf is burned terribly!
Crazy Yiuf is severely wounded.
Crazy Yiuf hits you with a +4 quarterstaff of chaos!
You are electrocuted!
You see here a +0 mace.
Casting: Scorch (safe; 6% risk of failure)
Confirm with . or Enter, or press ? or * to list all spells.
You conjure some foxfire!
Crazy Yiuf barely misses you.
Your foxfire dissipates!
Crazy Yiuf attacks as you move away!
Crazy Yiuf hits you with a +4 quarterstaff of chaos!
* * * LOW HITPOINT WARNING * * *
You feel agile all of a sudden.
Crazy Yiuf looks more healthy.
You see here a +0 mace.
Casting: Foxfire (safe; 3% risk of failure)
Confirm with . or Enter, or press ? or * to list all spells.
You don't have enough health to cast this spell.
Unknown command.
Casting: Foxfire (safe; 3% risk of failure)
Confirm with . or Enter, or press ? or * to list all spells.
You conjure some foxfire!
* * * LOW HITPOINT WARNING * * *
Crazy Yiuf hits you with a +4 quarterstaff of chaos!
You die...

#........### #...# #
#........# #...###
#...##. #####...###
#..##...# # ###
♣♣##..##...### #)))#♣♣
♣♣.....##...'.#
#.))')♣♣♣♣...........#..
#)))#♣g@♣).............#
### ♣♣♣v♣.............'
♣♣♣♣♣##.........#
#.........# #.........#
..........# ...........#
..........# .#+####+###


You could see Crazy Yiuf (combustible, ally target).

Vanquished Creatures
  Sigmund (D:2)
  4 worms (D:2)
  4 ball pythons
  6 bats
  4 endoplasms
  A giant cockroach (D:2)
  2 goblins
  2 hobgoblins (D:2)
  4 quokkas
  3 frilled lizards
  3 kobolds (D:1)
  A rat (D:1)
35 creatures vanquished.

Vanquished Creatures (others)
  73 foxfires
73 creatures vanquished.

Grand Total: 108 creatures vanquished

Notes
Turn   | Place    | Note
-------+----------+-------------------------------------------
     0 | D:1      | greasedhog the Djinni Fire Elementalist began the quest for
                  | the Orb.
     0 | D:1      | Reached XP level 1. HP: 15/15 MP: 0/0
   323 | D:1      | Reached XP level 2. HP: 17/22 MP: 0/0
   626 | D:1      | Reached skill level 1 in Fighting
  1022 | D:1      | Found a faded altar of an unknown god.
  1098 | D:2      | Reached XP level 3. HP: 19/27 MP: 0/0
  1098 | D:2      | Learned a level 1 spell: Sting
  1866 | D:2      | Reached XP level 4. HP: 24/32 MP: 0/0
  2047 | D:2      | Noticed Sigmund
  2056 | D:2      | Killed Sigmund
  2057 | D:2      | Reached XP level 5. HP: 11/40 MP: 0/0
  2057 | D:2      | Learned a level 2 spell: Poisonous Vapours
  2057 | D:2      | Reached XP level 6. HP: 12/45 MP: 0/0
  2350 | D:2      | Found a runed translucent door.
  2351 | D:2      | Noticed Crazy Yiuf
  2360 | D:2      | HP: 2/45 [Crazy Yiuf/+4 quarterstaff of chaos (12)]
  2361 | D:2      | Mangled by Crazy Yiuf

Illustrated notes

Levels and vault maps discovered:
D:1:      minmay_arrival_loop, layout_rooms, shapermc_ecumenical_altar_acropolis
D:2:      layout_basic, uniq_crazy_yiuf_cottage, uniq_sigmund

Skill      XL: |  1  2  3  4 |
---------------+-------------+-----
Stealth        | 2 3 |  3.2
Fighting       | 1 2 |  2.9
Spellcasting   | 3 |  3.4
Dodging        | |  2.1

Action                   |  1- 3 |  4- 6 || total
-------------------------+-------+-------++-------
Melee: Unarmed           |    10 |       ||    10
 Cast: Foxfire           |    43 |     4 ||    47
       Scorch            |    12 |     6 ||    18
       Sting             |     3 |     4 ||     7
  Use: Scroll            |     2 |     1 ||     3
Armor: Robe              |    12 |       ||    12
Dodge: Dodged            |    30 |     4 ||    34
Block: Other             |     5 |     1 ||     6

Table legend: (Time is in decaauts)
 A = Elapsed time spent in this place.
 B = Non-inter-level travel time spent in this place.
 C = Inter-level travel time spent in this place.
 D = Time resting spent in this place.
 E = Time spent auto-exploring this place.
 F = Levels seen in this place.
 G = Mean time per level.
                   A        B        C        D        E       F      G
               +--------+--------+--------+--------+--------+-----+--------+
         Total |   2360 |   2335 |     25 |    348 |   1694 |   2 | 1180.0 |
       Dungeon |   2360 |   2335 |     25 |    348 |   1694 |   2 | 1180.0 |
               +--------+--------+--------+--------+--------+-----+--------+

Top non-repeatable levels by time:
     D:2: 1311 daAuts
     D:1: 1049 daAuts
